 Dungeon Crawl Stone Soup version 0.31-a0-806-g0bc164a743 (webtiles) character file.

Game seed: 6886474319850126747

1072 hikkokomori the Digger (level 8, -3/48 HPs)
             Began as a Gargoyle Earth Elementalist on Sept 20, 2023.
             Was an Initiate of Vehumet.
             Killed from afar by a steam dragon (19 damage)
             ... with a ball of steam
             ... on level 6 of the Dungeon.
             The game lasted 00:08:58 (5179 turns).

hikkokomori the Digger (GrEE)                       Turns: 5179, Time: 00:09:00

Health: -3/48      AC:  8    Str: 12    XL:     8   Next: 28%
Magic:  7/14       EV: 17    Int: 18    God:    Vehumet [......]
Gold:   308        SH:  0    Dex: 10    Spells: 7/15 levels left

rFire   . . .        g - +0 whip (elec)
rCold   . . .        (no shield)
rNeg    + . .        a - +0 robe
rPois   ∞            (no helmet)
rElec   +            (no cloak)
rCorr   .            j - +0 pair of gloves
SInv    .            (no boots)
Will    .....        (no amulet)
Stlth   ++           o - +5 ring of evasion
HPRegen 0.28/turn    (no ring)
MPRegen 0.14/turn

%: no passive effects
@: no status effects
A: sickness immunity, AC +5, negative energy resistance 1, electricity
resistance, torment resistance 1, petrification resistance
a: Renounce Religion


You were on level 6 of the Dungeon.
You worshipped Vehumet.
Vehumet was noncommittal.
You visited 2 branches of the dungeon, and saw 7 of its levels.

You collected 308 gold pieces.

Inventory:

Hand Weapons
 g - a +0 whip of electrocution (weapon)
Missiles
 d - 2 javelins
Armour
 a - a +0 robe (worn)
 j - a +0 pair of gloves (worn)
 m - a +1 scale mail of cold resistance
Jewellery
 o - a +5 ring of evasion (left hand)
 u - the ring of Lesser Demons {Wiz +Blink rC+ Str+3}
   (You found it on level 5 of the Dungeon)

   [ring of wizardry]

   Wiz:       It improves your spell success rate.
   Str+3:     It affects your strength (+3).
   rC+:       It protects you from cold.
   +Blink:    It lets you blink.
Talismans
 e - a serpent talisman
Wands
 l - a wand of paralysis (11)
Scrolls
 f - a scroll of fog {unknown}
 h - 2 scrolls of butterflies
 i - 2 scrolls of teleportation
 k - a scroll of revelation
 n - a scroll of vulnerability {unknown}
 q - a scroll of immolation
 r - a scroll of enchant armour {unknown}
 s - a scroll of brand weapon {unknown}
 v - a scroll of torment {unknown}
Potions
 b - 2 potions of magic
 c - a potion of might
 p - 4 potions of curing


   Skills:
 + Level 4.2 Fighting
 + Level 3.7 Maces & Flails
 - Level 1.7 Dodging
 - Level 3.0 Stealth
 + Level 4.3 Spellcasting
 + Level 4.0 Conjurations
 - Level 1.0 Transmutations
 + Level 6.2 Earth Magic


You had 7 spell levels left.
You knew the following spells:

 Your Spells              Type           Power      Damage    Failure   Level
a - Sandblast             Erth           52%        2d12      1%          1
b - Stone Arrow           Conj/Erth      44%        3d9       5%          3
c - Brom's Barrelling Bo  Conj/Erth      22%        2d4       17%         4

Your spell library contained the following spells:

 Spells                   Type           Power      Damage    Failure   Level
 Passwall                 Tmut/Erth      13%        N/A       4%          2
 Kiss of Death            Conj/Necr      44%        2d8       6%          1
 Scorch                   Fire           6%         2d5       22%         2
 Petrify                  Tmut/Erth      16%        N/A       32%         4
 Confusing Touch          Hex            3%         N/A       41%         3
 Gell's Gravitas          Tloc           3%         N/A       41%         3
 Teleport Other           Tloc           3%         N/A       41%         3
 Flame Wave               Conj/Fire      11%        2d6       54%         4
 Borgnjor's Vile Clutch   Necr/Erth      7%         N/A       73%         5
 Animate Dead             Necr           3%         N/A       82%         4
 Dispel Undead            Necr           3%         3d7       82%         4
 Death Channel            Necr           1%         N/A       100%        6
 Dispersal                Tloc           1%         N/A       100%        6
 Summon Cactus Giant      Summ           1%         N/A       100%        6


Dungeon Overview and Level Annotations

Branches:
Dungeon (6/15)             Temple (1/1) D:5

Altars:
Ashenzari
Cheibriados
Dithmenos
Elyvilon
Fedhas
Gozag
Hepliaklqana
Kikubaaqudgha
Makhleb
Nemelex Xobeh
Okawaru
Ru
Sif Muna
Trog
Uskayaw
Vehumet
Wu Jian
Yredelemnul
Zin
The Shining One

Shops:
D:4 :*[*

Annotations:
D:5 3 runed translucent doors, osoart's ghost, amateur GnSh


Innate Abilities, Weirdness & Mutations

You are immune to sickness and miasma.
Your stone body is resilient. (AC +5)
You are immune to poison.
You resist negative energy. (rN+)
You are resistant to electric shocks. (rElec)
You are resistant to unholy torment.
You are immune to petrification.


Message History

The blast of sand hits the scorpion!
The scorpion is almost dead.
You are engulfed in a cloud of scalding steam.
The centaur shoots an arrow.
The arrow hits you. The scorpion barely misses you.
The centaur shoots an arrow.
The arrow completely misses you. The scorpion closely misses you.
The steam dragon misses you. The steam dragon barely misses you.
The centaur shoots an arrow.
The arrow misses you.
Unknown command.
Casting: Sandblast (safe; 1% risk of failure)
Confirm with . or Enter, or press ? or * to list all spells.
Aiming: Sandblast (safe; 1% risk of failure)
Press: ? - help, Shift-Dir - straight line, f/p - scorpion
Aim: a scorpion (almost dead, 83% to hit)
The blast of sand hits the scorpion.
The scorpion is almost dead.
The scorpion stings you. The scorpion misses you.
Unknown command.
Unknown command.
Unknown command.
You closely miss the scorpion.
The scorpion is almost dead.
The scorpion stings you but does no damage.
Unknown command.
You hit the scorpion but do no damage. Lightning courses through the scorpion!
You kill the scorpion!
Vehumet accepts your kill.
The centaur shoots an arrow.
The arrow barely misses you.
Your Conjurations skill increases to level 4!
Unknown command.
Casting: Sandblast (safe; 1% risk of failure)
Confirm with . or Enter, or press ? or * to list all spells.
Aiming: Stone Arrow (dangerous; 5% risk of failure)
Press: ? - help, Shift-Dir - straight line, f - steam dragon
Aim: a steam dragon (71% to hit)
The stone arrow hits the steam dragon!
The steam dragon is heavily wounded.
The steam dragon breathes steam at you. The ball of steam hits you!!
You die...

#.. #.. #.... ##+##..
#....########+###..###'
#....#....#............
+....#....+............
#....#...##...###.###..
#....#...##...###.# #..
#....#@............ ...
#....D.............#...
#....#...#############.
#....#...## .
#....#....# #....#....#
#....#....# #....######
#....


You could see a steam dragon (catching breath).

Vanquished Creatures
  2 water moccasins
  A sky beast (D:6)
  An ogre (D:5)
  A phantom (D:4)
  A bullfrog (D:6)
  2 scorpions (D:6)
  3 hounds
  An orc priest (D:5)
  A jelly (D:4)
  A sleepcap (D:6)
  2 orc wizards
  2 iguanas
  5 adders
  A worm (D:3)
  6 dart slugs
  11 orcs
  8 endoplasms
  2 giant cockroaches
  4 goblins
  3 hobgoblins
  11 jackals
  4 quokkas
  10 ball pythons
  7 bats
  2 frilled lizards
  7 kobolds
  7 rats
106 creatures vanquished.

Notes
Turn   | Place    | Note
-------+----------+-------------------------------------------
     0 | D:1      | hikkokomori the Gargoyle Earth Elementalist began the quest
                  | for the Orb.
     0 | D:1      | Reached XP level 1. HP: 10/10 MP: 3/3
    90 | D:1      | Reached skill level 1 in Transmutations
    90 | D:1      | Reached XP level 2. HP: 15/15 MP: 3/5
   396 | D:1      | Reached XP level 3. HP: 20/20 MP: 4/6
   424 | D:1      | Reached skill level 4 in Earth Magic
   534 | D:1      | Reached skill level 1 in Fighting
  1650 | D:3      | Reached XP level 4. HP: 25/25 MP: 4/7
  1795 | D:3      | Learned a level 3 spell: Stone Arrow
  2025 | D:3      | Reached skill level 1 in Maces & Flails
  2234 | D:3      | Reached XP level 5. HP: 15/30 MP: 2/9
  2490 | D:3      | Reached skill level 1 in Conjurations
  3084 | D:4      | Found Fabino's Assorted Antiques.
  3101 | D:4      | Found Uqon's Assorted Antiques.
  3207 | D:4      | Reached XP level 6. HP: 34/35 MP: 8/10
  3365 | D:4      | Found Suriuhoh's Book Shop.
  3370 | D:4      | Reached skill level 5 in Earth Magic
  3425 | D:4      | Found Riguhug's Antique Armour Boutique.
  3442 | D:4      | Noticed a water moccasin
  3450 | D:4      | Killed a water moccasin
  3451 | D:4      | Reached XP level 7. HP: 19/41 MP: 9/12
  4085 | D:5      | Entered Level 5 of the Dungeon
  4199 | D:5      | Found a staircase to the Ecumenical Temple.
  4209 | Temple   | Entered the Ecumenical Temple
  4227 | Temple   | Became a worshipper of Vehumet
  4252 | Temple   | Learned a level 4 spell: Brom's Barrelling Boulder
  4287 | D:5      | Found a runed translucent gate.
  4288 | D:5      | Found a runed translucent gate.
  4289 | D:5      | Found an opulent altar of Gozag.
  4290 | D:5      | Found a runed translucent gate.
  4293 | D:5      | Noticed a vampire mosquito
  4293 | D:5      | Noticed osoart's ghost (amateur GnSh)
  4486 | D:5      | Identified the ring of Lesser Demons {Wiz +Blink rC+ Str+3}
  4910 | D:6      | Reached XP level 8. HP: 48/48 MP: 11/14
  4973 | D:6      | Reached skill level 6 in Earth Magic
  5179 | D:6      | Killed from afar by a steam dragon

Illustrated notes

Levels and vault maps discovered:
D:1:      elethiomel_arrival_shortcut, layout_loops_ring
D:2:      layout_basic, minivault_11
D:3:      layout_basic
D:4:      layout_basic, serial_shops, nicolae_shop_just_a_little_nook, shop,
          nicolae_shop_tiny_waterfront, nicolae_shop_trees, minivault_5
D:5:      layout_basic, minmay_temple_entry_glassed_door, ebering_ghost_gozag
D:6:      layout_gridville, uniq_maggie
Temple:   hellmonk_temple_of_storms

Skill      XL: |  1  2  3  4  5  6  7  8 |
---------------+-------------------------+-----
Transmutations | 1 |  1.0
Earth Magic    | 4 5 6 |  6.2
Fighting       | 1 2 3 4 |  4.2
Stealth        | 3 |  3.0
Maces & Flails | 1 2 3 |  3.7
Conjurations   | 1 2 3 4 |  4.0
Spellcasting   | 3 4 |  4.3
Dodging        | |  1.7

Action                     |  1- 3 |  4- 6 |  7- 9 || total
---------------------------+-------+-------+-------++-------
  Melee: Unarmed           |    20 |       |       ||    20
         Whip              |       |    51 |    22 ||    73
   Cast: Sandblast         |    53 |    67 |    47 ||   167
         Stone Arrow       |       |       |     1 ||     1
    Use: Scroll            |       |       |     6 ||     6
 Armour: Robe              |    19 |    10 |    16 ||    45
         Scale mail        |       |    89 |    14 ||   103
  Dodge: Dodged            |    25 |    56 |    50 ||   131

Table legend: (Time is in decaauts)
 A = Elapsed time spent in this place.
 B = Non-inter-level travel time spent in this place.
 C = Inter-level travel time spent in this place.
 D = Time resting spent in this place.
 E = Time spent auto-exploring this place.
 F = Levels seen in this place.
 G = Mean time per level.
                   A        B        C        D        E       F      G
               +--------+--------+--------+--------+--------+-----+--------+
         Total |   5261 |   5056 |    205 |     23 |   4267 |   7 |  751.6 |
       Dungeon |   5217 |   5024 |    193 |     23 |   4267 |   6 |  869.5 |
        Temple |     43 |     31 |     12 |      0 |      0 |   1 |   43.0 |
               +--------+--------+--------+--------+--------+-----+--------+

Top non-repeatable levels by time:
     D:3: 1350 daAuts
     D:4: 1119 daAuts
     D:1: 993 daAuts
     D:2: 682 daAuts
     D:5: 678 daAuts
     D:6: 393 daAuts
  Temple: 43 daAuts
